 Dungeon Crawl Stone Soup version 0.28.0-53-g5a82cb258f (webtiles) character file.

Game seed: 18016370740353355000

1596 greena the Chopper (level 8, -12/51 HPs)
             Began as a Gargoyle Monk on May 27, 2022.
             Mangled by a two-headed ogre
             ... wielding a +0 giant club
              (16 damage)
             ... on level 8 of the Dungeon.
             The game lasted 00:18:06 (5059 turns).

greena the Chopper (Gargoyle Monk)                  Turns: 5059, Time: 00:18:10

Health: -12/51     AC: 11    Str: 17    XL:     8   Next: 93%
Magic:  8/8        EV: 12    Int: 11    God:
Gold:   188        SH:  0    Dex: 12    Spells: 7/7 levels left

rFire   + . .      SeeInvis .   l - +8 war axe of Past Mistakes {venom, rF+}
rCold   . . .      Faith    .   v - orb {light}
rNeg    + . .      Spirit   .   c - +0 leather armour
rPois   ∞          Reflect  .   w - +0 helmet
rElec   +          Harm     .   D - +0 cloak
rCorr   .          Rampage  .   (no gloves)
Will    .....                   (no boots)
Stlth   +.........              (no amulet)
HPRegen 0.17/turn               (no ring)
MPRegen 0.11/turn               (no ring)

@: glowing, studying Dodging
A: sickness immunity, AC +5, negative energy resistance 1, electricity
resistance, torment resistance 1, petrification resistance
a: no special abilities


You were on level 8 of the Dungeon.
You visited 1 branch of the dungeon, and saw 7 of its levels.

You collected 272 gold pieces.
You spent 84 gold pieces at shops.

Inventory:

Hand Weapons
 a - a +0 falchion
 g - a +0 spear of protection
 l - the +8 war axe of Past Mistakes (weapon) {venom, rF+}
   (You found it on level 2 of the Dungeon)

   It poisons the flesh of those it strikes.
   rF:        It protects you from fire.
Missiles
 m - 91 arrows
 n - 11 bolts
 u - a boomerang of dispersal (quivered)
 B - 6 poisoned darts
Armour
 b - a +0 robe
 c - a +0 leather armour (worn)
 v - an orb of light (worn)
 w - a +0 helmet (worn)
 D - a +0 cloak (worn)
Wands
 k - a wand of flame (20)
 q - a wand of iceblast (30)
 s - a wand of digging (4)
 t - a wand of acid (14)
 C - a wand of charming (9)
Scrolls
 d - 2 scrolls of identify
 f - a scroll of vulnerability
 h - 2 scrolls of teleportation
 o - 3 scrolls of immolation
 y - 2 scrolls of fear
 F - a scroll of amnesia
Potions
 e - a potion of brilliance
 i - 2 potions of haste {unknown}
 j - a potion of magic {unknown}
 p - a potion of ambrosia {unknown}
 r - 2 potions of curing
 x - a potion of attraction {unknown}
 z - a potion of flight {unknown}
 A - a potion of heal wounds {unknown}
 E - a potion of mutation {unknown}


   Skills:
 + Level 5.9 Fighting
 + Level 3.5 Long Blades
 + Level 6.8 Axes
 + Level 3.9 Armour
 + Level 3.7 Dodging
 + Level 3.9 Stealth
 + Level 1.0 Evocations


You had 7 spell levels left.
You didn't know any spells.
Your spell library contained the following spells:

 Spells                   Type           Power      Damage    Failure   Level
 Sting                    Tmut/Pois      0%         1d3       38%         1
 Poisonous Vapours        Pois/Air       0%         N/A       54%         2
 Gell's Gravitas          Tloc           0%         N/A       77%         3
 Teleport Other           Tloc           0%         N/A       77%         3
 Olgreb's Toxic Radiance  Pois           0%         N/A       99%         4
 Dispersal                Tloc           0%         N/A       100%        6


Dungeon Overview and Level Annotations

Branches:
Dungeon (8/15)
 Temple: D:4-7         Lair: D:8-11

Altars:

Shops:
D:1 :(   D:4 *=   D:7 =

Annotations:
D:5 3 runed translucent doors, KittyFluff's ghost, novice GrBe


Innate Abilities, Weirdness & Mutations

You are immune to sickness and miasma.
Your stone body is resilient. (AC +5)
You are immune to poison.
You resist negative energy. (rN+)
You are resistant to electric shocks. (rElec)
You are resistant to unholy torment.
You are immune to petrification.


Message History

The killer bee zombie is lightly damaged.
The killer bee zombie closely misses you.
The killer bee zombie hits you but does no damage.
You slash the killer bee zombie!
The killer bee zombie is moderately damaged.
The killer bee zombie barely misses you.
The killer bee zombie hits you but does no damage.
You slash the killer bee zombie!
The killer bee zombie is severely damaged.
The killer bee zombie hits you but does no damage.
The killer bee zombie completely misses you.
You slash the killer bee zombie!
You destroy the killer bee zombie!
Found a fizzy pink potion.
You now have 177 gold pieces (gained 13).
You see here a +0 cloak.
D - a +0 cloak You start putting on your armour.
You continue putting on your +0 cloak. x4
You finish putting on your +0 cloak.
Found a scroll of amnesia.
Found 11 gold pieces.
Found a stone staircase leading down.
Found a whip.
E - a fizzy pink potion
Found a chain mail.
Found 16 arrows.
Found a stone staircase leading down.
You now have 188 gold pieces (gained 11).
F - a scroll of amnesia A two-headed ogre comes into view.
It is wielding two +0 giant clubs.
The two-headed ogre shouts in stereo!
You slash the two-headed ogre!
The two-headed ogre looks as sick as possible!
The two-headed ogre is moderately wounded.
The two-headed ogre hits you with a +0 giant club! x2
You slash the two-headed ogre!
The two-headed ogre looks as sick as possible!
The two-headed ogre is heavily wounded.
The two-headed ogre hits you with a +0 giant club!!
* * * LOW HITPOINT WARNING * * *
The two-headed ogre hits you with a +0 giant club!
You die...

....#.# ...#.# #..#.# ###
#..#.###.##
#..#......####....
#..............#..
##..............#.#
##.>..###...####.#.#
#.....)O@........#.#
#.#.....##...###..#.#
##......###.####..#.###
....................<...##.
###.#.........####..........
#.#............>..#.#.##.# #
#..##.##..####..#..... #..
#.###... ...####### [..> ..#
######.##


You could see a two-headed ogre (extremely poisoned).

Vanquished Creatures
  Maggie (D:7)
  A wyvern (D:8)
  A sky beast (D:5)
  An ice beast (D:5)
  3 ogres
  2 centaurs (D:7)
  A phantom (D:4)
  A water moccasin skeleton (D:5)
  A centaur skeleton (D:7)
  A gnoll shaman (D:7)
  Crazy Yiuf (D:4)
  Ijyb (D:3)
  3 iguanas
  2 orc wizards (D:7)
  2 killer bee zombies
  5 gnolls (D:7)
  4 adders
  A shadow imp (D:4)
  A white imp (D:5)
  3 worms
  6 orcs
  4 bats
  6 endoplasms
  2 giant cockroaches (D:1)
  4 goblins
  6 hobgoblins
  5 quokkas
  10 ball pythons
  3 frilled lizards
  7 kobolds
  A quokka skeleton (D:4)
  5 rats
95 creatures vanquished.

Vanquished Creatures (others)
  A plant (D:3)
1 creature vanquished.

Grand Total: 96 creatures vanquished

Notes
Turn   | Place    | Note
-------+----------+-------------------------------------------
     0 | D:1      | greena the Gargoyle Monk began the quest for the Orb.
     0 | D:1      | Reached XP level 1. HP: 14/14 MP: 1/1
    13 | D:1      | Found Weuqar's Book Boutique.
   396 | D:1      | Reached XP level 2. HP: 12/19 MP: 2/2
   913 | D:1      | Reached XP level 3. HP: 24/24 MP: 3/3
   951 | D:1      | Found Fiufol's Weapon Boutique.
  1198 | D:1      | Reached skill level 1 in Armour
  1798 | D:2      | Found a faded altar of an unknown god.
  1934 | D:2      | Reached XP level 4. HP: 29/29 MP: 4/4
  1971 | D:2      | Identified the +8 war axe of Past Mistakes {venom, rF+}
  2247 | D:3      | Noticed Ijyb
  2256 | D:3      | Killed Ijyb
  2844 | D:4      | Reached XP level 5. HP: 25/33 MP: 5/5
  2919 | D:4      | Noticed an ogre
  2921 | D:4      | Killed an ogre
  2922 | D:4      | Reached skill level 1 in Axes
  3009 | D:4      | Reached skill level 2 in Axes
  3023 | D:4      | Noticed a phantom
  3026 | D:4      | Killed a phantom
  3027 | D:4      | Reached XP level 6. HP: 38/38 MP: 6/6
  3103 | D:4      | Found a runed translucent door.
  3104 | D:4      | Noticed Crazy Yiuf
  3110 | D:4      | Killed Crazy Yiuf
  3377 | D:4      | Found Tipnoo's Jewellery Shoppe.
  3599 | D:4      | Found Foipp's Assorted Antiques.
  3605 | D:4      | Bought a wand of iceblast (9) for 84 gold pieces
  3670 | D:5      | Entered Level 5 of the Dungeon
  3670 | D:5      | Noticed a sky beast
  3680 | D:5      | Killed a sky beast
  3681 | D:5      | Reached skill level 3 in Axes
  3681 | D:5      | Reached XP level 7. HP: 44/44 MP: 7/7
  3726 | D:5      | Reached skill level 4 in Axes
  3739 | D:5      | Found a runed translucent gate.
  3739 | D:5      | Found a runed translucent gate.
  3739 | D:5      | Found a runed translucent gate.
  3744 | D:5      | Noticed KittyFluff's ghost (novice GrBe)
  3821 | D:5      | Reached skill level 5 in Fighting
  3902 | D:5      | You fall into a shaft and drop 2 floors!
  3908 | D:7      | Reached skill level 1 in Evocations
  4266 | D:7      | Reached XP level 8. HP: 37/49 MP: 8/8
  4382 | D:7      | Reached skill level 5 in Axes
  4490 | D:7      | Noticed Maggie
  4507 | D:7      | Killed Maggie
  4758 | D:7      | Reached skill level 6 in Axes
  4841 | D:7      | Found Gitre's Jewellery Shoppe.
  4977 | D:8      | Noticed a yak
  4977 | D:8      | Noticed a yak
  4977 | D:8      | Noticed a yak
  4977 | D:8      | Noticed a yak
  4977 | D:8      | Noticed a yak
  4978 | D:8      | Noticed a yak
  5014 | D:8      | Noticed a wyvern
  5016 | D:8      | Killed a wyvern
  5053 | D:8      | Noticed a two-headed ogre
  5059 | D:8      | Mangled by a two-headed ogre

Illustrated notes

Levels and vault maps discovered:
D:1:      minmay_arrival_open_corners, layout_loops_ring, serial_shops,
          nicolae_shop_bloodbath_and_beyond, shop_statue
D:2:      layout_loops_ring, shapermc_ecumenical_altar_notcrosses
D:3:      layout_rooms, serial_bayou_crossing, uniq_ijyb
D:4:      layout_gridville, serial_shops, shop, minmay_shop_enchanted_jewellery,
          grunt_ministairs_12, uniq_crazy_yiuf_cottage
D:5:      layout_rooms, gammafunk_ghost_split, minivault_1, grunt_decor_fettered
D:7:      layout_rooms, serial_shops, nicolae_diamond_shop, minmay_manual_mares,
          uniq_maggie
D:8:      layout_loops_ring, vehumet_crystals, minmay_lair_entry_grove,
          serial_shops, shop, uniq_prince_ribbit1

Skill      XL: |  1  2  3  4  5  6  7  8 |
---------------+-------------------------+-----
Long Blades    | 3 |  3.5
Armour         | 1 2 3 |  3.9
Fighting       | 4 5 |  5.9
Axes           | 2 3 4 6 |  6.8
Dodging        | 3 |  3.7
Stealth        | 3 |  3.9
Evocations     | 1 |  1.0

Action                   |  1- 3 |  4- 6 |  7- 9 || total
-------------------------+-------+-------+-------++-------
Melee: Falchion          |   134 |       |       ||   134
       War axe           |       |    65 |    70 ||   135
Evoke: Wand              |       |     7 |       ||     7
  Use: Scroll            |       |     8 |     3 ||    11
 Stab: Sleeping          |     2 |     2 |     1 ||     5
Armor: Leather armour    |    45 |    19 |    30 ||    94
Dodge: Dodged            |    87 |    36 |    40 ||   163
